General information
- name: rsjr
- type: Ladder 1vs1/FFA
- host: apy
- saver: evil_PEngoON
map: TwistedMeadows
- players: 3
- length: 27:54
- speed: Fast
- version: 1.21 W3XP
- replay type: Public
» download(115 KB)
Players
team 1 (loser)

»
apy (
red | 146 APM | 4075 actions | 27:52)
5 Mountain King
2 Bash
3 Storm Bolt
3 Paladin
2 Holy Light
1 Divine Shield
» actions
| Assign group hotkey | 211 | |
| Basic commands | 197 | |
| Build / train | 85 | |
| ESC pressed | 3 | |
| Enter build submenu | 26 | |
| Enter hero's abilities submenu | 8 | |
| Give item / drop item | 3 | |
| Right click | 1854 | |
| Select / deselect | 885 | |
| Select group hotkey | 688 | |
| Use ability | 115 | |
4075 total
» units
| Peasant | 23 | |
| Footman | 6 | |
| Rifleman | 2 | |
| Sorceress | 11 | |
| Priest | 6 | |
| Spell Breaker | 4 | |
52 total
» upgrades
| Defend | 1 | |
| Lumber Harvesting | 1 | |
| Long Rifles | 1 | |
| Priest Training | 1 | |
4 total
» buildings
| Altar of Kings | 1 | |
| Farm | 8 | |
| Barracks | 1 | |
| Arcane Vault | 1 | |
| Lumber Mill | 1 | |
| Scout Tower | 5 | |
| Arcane Tower | 2 | |
| Keep | 1 | |
| Blacksmith | 1 | |
| Arcane Sanctum | 2 | |
| Town Hall | 2 | |
| Guard Tower | 3 | |
28 total
» build order
00:09 Altar of Kings
00:17 Farm
00:26 Barracks
00:50 Farm
01:34 Farm
03:07 Arcane Vault
03:17 Farm
03:24 Lumber Mill
03:43 Scout Tower
04:18 Arcane Tower
04:34 Keep
04:47 Blacksmith
06:56 Arcane Sanctum
07:02 Arcane Sanctum
07:21 Farm
09:55 Farm
10:59 Farm
11:16 Town Hall
11:17 Scout Tower
11:47 Guard Tower
15:40 Scout Tower
15:42 Scout Tower
17:22 Farm
17:33 Scout Tower
18:14 Town Hall
18:53 Guard Tower
» items
| Scroll of Regeneration | 5 | |
| Lesser Clarity Potion | 1 | |
| Scroll of Town Portal | 3 | |
| Potion of Healing | 2 | |
| Scroll of Healing | 1 | |
12 total
team 2 (winner)

»
evil_PEngoON (
pink | 82 APM | 2293 actions | 27:54)
6 Shadow Hunter
3 Healing Wave
3 Hex
4 Firelord
2 Summon Lava Spawn
2 Soul Burn
» actions
| Assign group hotkey | 29 | |
| Basic commands | 203 | |
| Build / train | 75 | |
| Enter build submenu | 20 | |
| Enter hero's abilities submenu | 10 | |
| Give item / drop item | 2 | |
| Right click | 1079 | |
| Select / deselect | 428 | |
| Select group hotkey | 320 | |
| Use ability | 127 | |
2293 total
» units
| Peon | 11 | |
| Grunt | 6 | |
| Forest Troll Shadow Priest | 1 | |
| Forest Troll Berserker | 1 | |
| Mud Golem | 1 | |
| Ogre Mauler | 1 | |
| Tauren | 7 | |
| Spirit Walker | 5 | |
| Demolisher | 7 | |
40 total
» upgrades
| Berserker Strength | 1 | |
| Spirit Walker Training | 2 | |
| Melee Weapons | 1 | |
| Pulverize | 1 | |
| Armor | 1 | |
6 total
» buildings
| Altar of Storms | 1 | |
| Orc Burrow | 6 | |
| Barracks | 2 | |
| Voodoo Lounge | 2 | |
| Stronghold | 1 | |
| War Mill | 1 | |
| Fortress | 1 | |
| Spirit Lodge | 1 | |
| Tauren Totem | 1 | |
| Watch Tower | 2 | |
| Great Hall | 1 | |
19 total
» build order
00:08 Altar of Storms
00:12 Orc Burrow
00:38 Barracks
01:40 Orc Burrow
02:18 Voodoo Lounge
03:12 Orc Burrow
03:35 Orc Burrow
04:52 Stronghold
06:46 War Mill
07:58 Orc Burrow
08:40 Fortress
10:26 Voodoo Lounge
10:35 Spirit Lodge
10:43 Orc Burrow
11:40 Tauren Totem
14:56 Watch Tower
18:47 Great Hall
25:46 Watch Tower
27:46 Barracks
» items
| Healing Salve | 3 | |
| Lesser Clarity Potion | 4 | |
| Scroll of Town Portal | 5 | |
| Potion of Mana | 2 | |
| Potion of Healing | 1 | |
15 total
refereesgreedoFthenoob Chat log
(00:02 / All) greedoFthenoob: apy (red | 121 APM
(00:18 / All) greedoFthenoob: greedoFthenoob (pink | 76 APM
(01:15 / All) greedoFthenoob: This replay is brought to you by www.highper.ch
(01:30 / All) evil_PEngoON: all goon replays available @ highper.ch
(06:08 / All) apy: fuccck
(06:15 / All) evil_PEngoON: fuck
(06:22 / All) greedoFthenoob: greed of the noob
(06:24 / All) apy: gdi
(06:34 / All) greedoFthenoob: global defense initiative?
(09:14 / All) apy: map hacking scum
(09:21 / All) evil_PEngoON: A HUMAN EXPANDING?
(09:24 / All) evil_PEngoON: OH MY GOD
(09:30 / All) apy: expanding 10 minutes into the game
(09:31 / All) apy: yes
(09:53 / All) greedoFthenoob: /w evil_pengoon ok he's about to expand!!1
(11:59 / All) apy: you are such a faggot
(14:30 / All) greedoFthenoob: gg
(15:06 / All) greedoFthenoob: is it me or is this game moving at a slow pace, i mean thte units
(27:16 / All) apy: lost to a maphacker
(27:17 / All) greedoFthenoob: rsjr
(27:20 / All) evil_PEngoON: HAHAHAHAH
(27:25 / All) greedoFthenoob: why dont you ever play like this against me
(27:25 / All) evil_PEngoON: loucky this a custom map
(27:27 / All) greedoFthenoob: like no strat
(27:32 / All) greedoFthenoob: no adaptation
(27:36 / All) greedoFthenoob: no microi
(27:42 / All) greedoFthenoob: like what
(27:45 / All) greedoFthenoob: i dont get it
(27:50 / All) apy: this guy map hacks what could i do...